 Dungeon Crawl Stone Soup version 0.21.1-1-g345015f (webtiles) character file.

68 Goblin1989 the Cudgeler (level 4, 0/33 HPs)
             Began as a Demonspawn Skald on Feb 16, 2018.
             Was an Initiate of Gozag.
             Slain by EvilAshe's ghost (5 damage)
             ... on level 3 of the Dungeon.
             The game lasted 00:05:08 (2118 turns).

Goblin1989 the Cudgeler (Demonspawn Skald)          Turns: 2118, Time: 00:05:09

Health: 0/33       AC:  5    Str: 17    XL:     4   Next: 1%
Magic:  7/7        EV: 16    Int: 19    God:    Gozag
Gold:   52         SH:  0    Dex: 18    Spells: 6/7 levels left

rFire    + . .     SeeInvis .   a - +0 mace
rCold    + . .     Gourm    .   (no shield)
rNeg     . . .     Faith    .   i - +0 ring mail (curse)
rPois    +         Spirit   .   (helmet restricted)
rElec    +         Reflect  .   (no cloak)
rCorr    +         Harm     .   (no gloves)
MR       .....                  (no boots)
Stlth    ++........             (no amulet)
HPRegen  0.11/turn              (no ring)
MPRegen  0.10/turn              (no ring)

@: mighty, brilliant, agile, resistant
A: horns 1, rot immunity
a: Potion Petition, Call Merchant, Bribe Branch, Renounce Religion


You were on level 3 of the Dungeon.
You worshipped Gozag.
Gozag was noncommittal.
You were not hungry.

You visited 1 branch of the dungeon, and saw 3 of its levels.

You collected 89 gold pieces.
You paid 37 gold pieces to Gozag.

Inventory:

Hand Weapons
 a - a +0 mace (weapon)
Missiles
 j - 55 stones (quivered)
 k - 18 sling bullets
Armour
 i - a cursed +0 ring mail (worn)
Scrolls
 f - a scroll of teleportation {unknown}
 l - 4 scrolls of remove curse {unknown}
 q - 5 scrolls of identify {unknown}
 s - a scroll of random uselessness {unknown}
 t - a scroll of amnesia {unknown}
Books
 c - a book of Battle

   Spells                             Type                      Level
   a - Infusion                       Charms                       1
   b - Shroud of Golubria             Charms/Translocation         2
   c - Song of Slaying                Charms                       2
   d - Spectral Weapon                Hexes/Charms                 3
   e - Regeneration                   Charms/Necromancy            3
Comestibles
 e - 2 rations


   Skills:
 - Level 2.0 Fighting
 + Level 3.9 Maces & Flails
 - Level 0.8 Armour
 - Level 1.7 Dodging
 - Level 2.0 Spellcasting
 - Level 2.6 Charms


You had 6 spell levels left.
You knew the following spells:

 Your Spells              Type           Power        Failure   Level  Hunger
a - Infusion              Chrm           ###.         1%          1    #......


Dungeon Overview and Level Annotations

Branches:
Dungeon (3/15)

Altars:
Gozag

Annotations:
D:3 EvilAshe's ghost, amateur MfMo


Innate Abilities, Weirdness & Mutations

You have a pair of small horns on your head.
You are immune to rotting.


Message History

HP restored.
Health restored: 33 Unknown command.
There is a stone staircase leading up here.
You climb upwards.
There is a stone staircase leading down here.
There is a stone staircase leading down here.
You climb downwards.
There is a stone staircase leading up here.
There is an open door here.
There is a stone staircase leading down here.
You climb downwards.
Level annotation: EvilAshe's ghost, amateur MfMo EvilAshe's ghost hits you.
EvilAshe's ghost hits you!
There is a stone staircase leading up, spattered with blood here.
You take 11 damage, and have 22/33 hp.
MASSIVE DAMAGE!!
Unknown command.
EvilAshe's ghost hits you!
You climb upwards.
There is a stone staircase leading down here.
You take 7 damage, and have 15/33 hp.
MASSIVE DAMAGE!!
Okay, then.
You start resting.
HP restored.
Health restored: 33 It was a potion of cancellation.
You feel magically purged.
It was a potion of resistance.
You feel protected.
It was a potion of brilliance.
You feel clever all of a sudden.
Okay, then.
You climb downwards.
Level annotation: EvilAshe's ghost, amateur MfMo EvilAshe's ghost hits you!
There is a stone staircase leading up, spattered with blood here.
You take 8 damage, and have 25/33 hp.
MASSIVE DAMAGE!! [a] - 0 gold - might, agility and resistance [b] - 0 gold - flight, agility, invisibility, haste and resistance [c] - 0 gold - haste and agility Purchase which effect?
You feel very mighty all of a sudden.
You feel agile all of a sudden.
You feel protected.
EvilAshe's ghost wails, "You will join me soon!"
EvilAshe's ghost hits you.
You take 6 damage, and have 19/33 hp.
You hit EvilAshe's ghost.
EvilAshe's ghost is lightly damaged.
EvilAshe's ghost closely misses you.
EvilAshe's ghost says, "What's the hurry?
You'll die anyway."
EvilAshe's ghost hits you.
You take 4 damage, and have 15/33 hp.
You sock EvilAshe's ghost!
EvilAshe's ghost is moderately damaged.
EvilAshe's ghost hits you but does no damage.
You closely miss EvilAshe's ghost.
EvilAshe's ghost is moderately damaged.
EvilAshe's ghost hits you.
* * * LOW HITPOINT WARNING * * *
A leopard gecko comes into view.
You take 6 damage, and have 10/33 hp.
You closely miss EvilAshe's ghost.
The leopard gecko hisses angrily.
You headbutt EvilAshe's ghost.
EvilAshe's ghost is heavily damaged.
EvilAshe's ghost hits you but does no damage.
The leopard gecko misses you.
You sock EvilAshe's ghost! Your headbutt misses EvilAshe's ghost.
EvilAshe's ghost is severely damaged.
EvilAshe's ghost hits you.
* * * LOW HITPOINT WARNING * * *
The leopard gecko closely misses you.
You take 4 damage, and have 6/33 hp.
You closely miss EvilAshe's ghost. Your headbutt misses EvilAshe's ghost.
EvilAshe's ghost is severely damaged.
The leopard gecko completely misses you.
EvilAshe's ghost misses you. The leopard gecko barely misses you.
EvilAshe's ghost hits you but does no damage.
Unknown command.
You sock EvilAshe's ghost!
EvilAshe's ghost is almost destroyed.
The leopard gecko barely misses you. EvilAshe's ghost barely misses you.
You barely miss EvilAshe's ghost.
EvilAshe's ghost is almost destroyed.
The leopard gecko completely misses you.
EvilAshe's ghost misses you. The leopard gecko closely misses you.
You closely miss EvilAshe's ghost. Your headbutt misses EvilAshe's ghost.
EvilAshe's ghost is almost destroyed.
EvilAshe's ghost misses you.
The leopard gecko bites you but does no damage.
You barely miss EvilAshe's ghost. Your headbutt misses EvilAshe's ghost.
EvilAshe's ghost is almost destroyed.
The leopard gecko bites you.
* * * LOW HITPOINT WARNING * * *
EvilAshe's ghost misses you. The leopard gecko closely misses you.
You take 1 damage, and have 5/33 hp.
You closely miss EvilAshe's ghost.
EvilAshe's ghost is almost destroyed.
EvilAshe's ghost hits you.
You die...
Your body crumbles into a pile of gold.

█.....█..█
█$....█..█
█.....█..█
█.....█.⌂█ █....
█..█ █..███))██
██.W)....█
█..███l█..█
████.████@██....
█......██W█
███..
█...?..██.█ █
█......█÷÷█
█.....[█..█
█......█..█
█......$.██
███████..█ █..█


You could see EvilAshe's ghost and a leopard gecko.

Vanquished Creatures
  An ooze (D:3)
  3 dart slugs
  A leopard gecko (D:1)
  4 orcs
  3 bats
  5 giant cockroaches
  7 hobgoblins
  A quokka (D:3)
  2 ball pythons
  2 frilled lizards (D:1)
  5 goblins
  8 kobolds
  10 rats
52 creatures vanquished.

Notes
Turn   | Place    | Note
-------+----------+-------------------------------------------
     0 | D:1      | Goblin1989 the Demonspawn Skald began the quest for the Orb.
     0 | D:1      | Reached XP level 1. HP: 16/16 MP: 3/3
    50 | D:1      | Reached skill level 2 in Maces & Flails
   264 | D:1      | Gained mutation: You have a pair of small horns on your head. [demonic ancestry]
   264 | D:1      | Reached XP level 2. HP: 18/22 MP: 5/5
   707 | D:1      | Reached skill level 3 in Maces & Flails
  1065 | D:1      | Gained mutation: You are immune to rotting. [demonic ancestry]
  1065 | D:1      | Reached XP level 3. HP: 23/27 MP: 6/6
  1569 | D:3      | Found an opulent altar of Gozag.
  1629 | D:3      | Reached XP level 4. HP: 17/33 MP: 7/7
  1645 | D:3      | Became a worshipper of Gozag Ym Sagoz the Greedy
  1665 | D:3      | Noticed EvilAshe's ghost (amateur MfMo)
  2118 | D:3      | Slain by EvilAshe's ghost

Skill      XL: |  1  2 |
---------------+-------+-----
Maces & Flails | 2 3 |  3.9
Fighting       | |  2.0
Armour         | |  0.8
Dodging        | |  1.7
Spellcasting   | |  2.0
Charms         | |  2.6

Action                   |  1- 3 |  4- 6 || total
-------------------------+-------+-------++-------
Melee: Mace              |   155 |    19 ||   174
       Headbutt          |    13 |     3 ||    16
Invok: Potion Petition   |       |     1 ||     1
  Use: Potion            |       |     3 ||     3
  Eat: Chunk             |     2 |       ||     2
       Ration            |       |     1 ||     1
Armor: Ring mail         |    80 |    13 ||    93
       Leather armour    |     3 |       ||     3
Dodge: Dodged            |   103 |    27 ||   130

Vault maps used:
D:1:      dpeg_arrival_short_road, hangedman_decor_riveting
D:2:      kennysheep_slug_shrine, corexii_leaking_fountain
D:3:      lemuel_doored_altar, overflow_temple_1_default
